 Dungeon Crawl Stone Soup version 0.19.0-19-g8c6edcc (webtiles) character file.

980 MovingMist the Ducker (level 7, 0/48 HPs)
             Began as a High Elf Gladiator on Nov 12, 2016.
             Was a Believer of Okawaru.
             Slain by a bullfrog zombie (1 damage)
             ... in an ossuary.
             The game lasted 00:12:15 (5279 turns).

MovingMist the Ducker (High Elf Gladiator)          Turns: 5279, Time: 00:12:16

Health: 0/48       AC: 10    Str: 20    XL:     7   Next: 96%
Magic:  8/8        EV: 11    Int: 12    God:    Okawaru [**....]
Gold:   271        SH:  0    Dex: 17    Spells: 1 memorised, 3 levels left

rFire  . . .     SeeInvis .     a - +0 long sword
rCold  . . .     Gourm    .     z - +0 chain mail of the Crypt {Str+5} (curse)
rNeg   . . .     Faith    .     (no shield)
rPois  .         Spirit   .     c - +0 helmet
rElec  .         Reflect  .     (no cloak)
rCorr  .         Harm     .     D - +0 pair of gloves
MR     .....                    (no boots)
Stlth  ..........               (no amulet)
                                (no ring)
                                (no ring)

@: no status effects
A: no striking features
a: Heroism, Renounce Religion


You were in an ossuary.
You worshipped Okawaru.
Okawaru was pleased with you.
You were not hungry.

You visited 1 branch of the dungeon, and saw 5 of its levels.
You also visited: Ossuary.

You collected 271 gold pieces.

Inventory:

Hand Weapons
 a - a +0 long sword (weapon)
Missiles
 d - 3 throwing nets (quivered)
Armour
 b - a +0 leather armour
 c - a +0 helmet (worn)
 w - a +0 ring mail
 z - the cursed +0 chain mail of the Crypt (worn) {Str+5}
   (You found it on level 4 of the Dungeon)

   It affects your strength (+5).
   It has a curse placed upon it.
 D - a +0 pair of gloves (worn)
Jewellery
 m - an uncursed ring of resist corrosion {unknown}
Wands
 F - a wand of digging (13/24)
Scrolls
 g - 8 scrolls of identify {unknown}
 j - a scroll of fear {unknown}
 k - a scroll of recharging {unknown}
 l - a scroll of remove curse {unknown}
 o - 3 scrolls of teleportation {unknown}
 p - 2 scrolls of enchant weapon {unknown}
 q - a scroll of magic mapping {unknown}
 r - a scroll of noise {unknown}
 s - a scroll of immolation {unknown}
 x - a scroll of random uselessness {unknown}
 y - a scroll of amnesia {unknown}
 C - 2 scrolls of blinking {unknown}
Potions
 e - 3 potions of curing {unknown}
 h - 2 potions of cancellation {unknown}
 n - 4 potions of lignification {unknown}
 A - a potion of might {unknown}
 B - a potion of brilliance {unknown}
 E - a potion of haste {unknown}
Books
 v - a book of Necromancy

   Spells                             Type                      Level
   a - Pain                           Necromancy                   1
   b - Animate Skeleton               Necromancy                   1
   c - Vampiric Draining              Necromancy                   3
   d - Regeneration                   Charms/Necromancy            3
   e - Animate Dead                   Necromancy                   4
   f - Control Undead                 Necromancy                   4
Comestibles
 f - 3 bread rations
 i - a slice of pizza
 t - a beef jerky
 u - 4 meat rations
 G - 3 chunks of flesh


   Skills:
 + Level 4.2 Fighting
 + Level 6.1 Long Blades
 + Level 4.3 Throwing
 * Level 7.3 Dodging


You had 3 spell levels left.
You knew the following spells:

 Your Spells              Type           Power        Failure   Level  Hunger
a - Regeneration          Chrm/Necr      #.........   100%        3    ####...


Dungeon Overview and Level Annotations

Branches:
Dungeon (5/15)             Temple (0/1) D:5

Altars:
Dithmenos
Makhleb
Okawaru
Xom
Yredelemnul
The Shining One


Message History

You destroy the bullfrog zombie!
Okawaru accepts your kill.
You slash the bullfrog zombie!
The bullfrog zombie is lightly damaged.
The bullfrog zombie barely misses you.
You riposte.
You barely miss the bullfrog zombie.
The bullfrog zombie is lightly damaged.
The bullfrog zombie closely misses you.
You slash the bullfrog zombie!
The bullfrog zombie is moderately damaged.
The bullfrog zombie closely misses you.
You slash the bullfrog zombie!
The bullfrog zombie is severely damaged.
The bullfrog zombie hits you but does no damage.
The bullfrog zombie hits you.
* * * LOW HITPOINT WARNING * * *
You hit the bullfrog zombie.
The bullfrog zombie is severely damaged.
The bullfrog zombie hits you.
You die...

## ≈ # ≈#≈#≈
# ##≈#.≈ #≈
#≈≈≈.#
#≈≈##P.≈≈
≈≈≈≈#≈.#####
#..≈#...#
###≈#≈≈ZZ@∩.#
#≈≈≈≈P≈.#..∩#
#≈≈≈≈≈#≈#####
##≈##P'≈≈ #
###≈## '.#
#.' '.# #.#


You could see a water moccasin zombie and a bullfrog zombie.

Vanquished Creatures
  A centaur (D:5)
  A scorpion (D:5)
  A crimson imp (D:3)
  A bullfrog zombie (Ossuary)
  A quasit (D:5)
  A hound (D:4)
  2 orc priests (D:4)
  2 orc wizards
  A centaur skeleton (D:4)
  A human zombie (D:5)
  Jessica (D:2)
  2 human skeletons (D:5)
  Natasha (thrice) (D:2)
  2 iguanas (D:4)
  5 mummies (Ossuary)
  A worker ant (D:4)
  A hound zombie (Ossuary)
  A howler monkey zombie (Ossuary)
  A worker ant zombie (Ossuary)
  3 gnolls (D:2)
  7 adders
  An ooze (D:1)
  2 adder zombies (Ossuary)
  2 worms
  3 dart slugs
  5 leopard geckos
  4 orcs (D:4)
  4 bats
  7 giant cockroaches
  8 goblins
  7 hobgoblins
  7 kobolds
  5 quokkas
  2 ball pythons
  9 frilled lizards
  An orc skeleton (D:5)
  A rat (D:3)
107 creatures vanquished.

Vanquished Creatures (others)
  2 withered plants (Ossuary)
2 creatures vanquished.

Grand Total: 109 creatures vanquished

Notes
Turn   | Place    | Note
-------+----------+-------------------------------------------
     0 | D:1      | MovingMist the High Elf Gladiator began the quest for the Orb.
     0 | D:1      | Reached XP level 1. HP: 14/14 MP: 2/2
   104 | D:1      | Reached XP level 2. HP: 19/19 MP: 3/3
   505 | D:1      | Reached skill level 4 in Dodging
   656 | D:2      | Reached XP level 3. HP: 18/24 MP: 4/4
   680 | D:2      | Noticed Jessica
   685 | D:2      | Killed Jessica
   692 | D:2      | Found an iron altar of Okawaru.
   720 | D:2      | Became a worshipper of Warmaster Okawaru
   822 | D:2      | Noticed Natasha
   831 | D:2      | Killed Natasha
   831 | D:2      | Reached XP level 4. HP: 15/30 MP: 5/5
  1036 | D:2      | Noticed Natasha
  1052 | D:2      | Killed Natasha
  1147 | D:2      | Noticed Natasha
  1155 | D:2      | Killed Natasha
  1155 | D:2      | Reached XP level 5. HP: 21/35 MP: 6/6
  1302 | D:2      | Reached skill level 5 in Dodging
  2166 | D:3      | Found a shadowy altar of Dithmenos.
  2294 | D:3      | Reached * piety under Okawaru
  2617 | D:3      | Found a faded altar of an unknown god.
  2617 | D:3      | Found a faded altar of an unknown god.
  2622 | D:3      | Learned a level 3 spell: Regeneration
  2627 | D:3      | Found a faded altar of an unknown god.
  2629 | D:3      | Found a shimmering altar of Xom.
  2630 | D:3      | Found a faded altar of an unknown god.
  2915 | D:3      | Found a burning altar of Makhleb.
  2932 | D:3      | Reached XP level 6. HP: 35/42 MP: 7/7
  3268 | D:4      | Reached skill level 6 in Dodging
  3386 | D:4      | Got a jewelled chain mail
  3397 | D:4      | Identified the cursed +0 chain mail of the Crypt {Str+5} (You found it on level 4 of the Dungeon)
  3424 | D:4      | Reached skill level 5 in Long Blades
  4204 | D:4      | Reached XP level 7. HP: 46/46 MP: 8/8
  4575 | D:5      | Entered Level 5 of the Dungeon
  4634 | D:5      | Found a basalt altar of Yredelemnul.
  4636 | D:5      | Noticed a profane servitor
  4646 | D:5      | Found a glowing golden altar of the Shining One.
  4648 | D:5      | Noticed an angel
  5025 | D:5      | Found a staircase to the Ecumenical Temple.
  5154 | D:5      | Reached skill level 7 in Dodging
  5170 | D:5      | Found a sand-covered staircase.
  5183 | Ossuary  | Entered an ossuary
  5229 | Ossuary  | Reached ** piety under Okawaru
  5278 | Ossuary  | HP: 1/48 [bullfrog zombie (5)]
  5279 | Ossuary  | Slain by a bullfrog zombie

Skill      XL: |  1  2  3  4  5  6  7 |
---------------+----------------------+-----
Dodging        | 4 5 6 7 |  7.3
Long Blades    | 4 5 6 |  6.1
Throwing       | 3 4 |  4.3
Fighting       | 3 4 |  4.2

Action                   |  1- 3 |  4- 6 |  7- 9 || total
-------------------------+-------+-------+-------++-------
Melee: Long sword        |    60 |   225 |   169 ||   454
 Stab: Sleeping          |     1 |     1 |       ||     2
  Eat: Chunk             |       |    10 |     3 ||    13
       Beef jerky        |       |       |     1 ||     1
Armor: Leather armour    |    17 |    27 |       ||    44
       Ring mail         |       |    17 |       ||    17
       Chain mail        |       |    22 |    80 ||   102
Dodge: Dodged            |    43 |   178 |    90 ||   311
       Rpst.: Long sword |    14 |    61 |    22 ||    97
